 Dungeon Crawl Stone Soup version 0.28-a0-1412-gf95308ed99 (webtiles) character file.

Game seed: 3657764529119040150

12 HallandMoats the Skirmisher (level 2, 26/26 HPs)
             Began as a Ghoul Fighter on Jan 6, 2022.
             Was a Follower of Vehumet.
             Safely got out of the dungeon.
             The game lasted 00:00:36 (234 turns).

HallandMoats the Skirmisher (Ghoul Fighter)          Turns: 234, Time: 00:00:36

Health: 26/26      AC:  7    Str: 19    XL:     2   Next: 33%
Magic:  1/1        EV:  9    Int:  3    God:    Vehumet [*.....]
Gold:   15         SH:  4    Dex:  8    Spells: 1/1 levels left

rFire   . . .      SeeInvis .   a - +0 war axe
rCold   + . .      Faith    .   c - +0 buckler
rNeg    + + +      Spirit   .   b - +0 scale mail
rPois   ∞          Reflect  .   e - +0 helmet
rElec   .          Harm     .   (no cloak)
rCorr   .          Rampage  .   (no gloves)
Will    .....                   (no boots)
Stlth   ..........              (no amulet)
HPRegen 0.08/turn               (no ring)
MPRegen 0.07/turn               (no ring)

@: no status effects
A: claws 1, cold resistance 1, negative energy resistance 3, inhibited
regeneration, torment resistance 2
a: Renounce Religion


You escaped.
You worshipped Vehumet.
Vehumet was aware of your devotion.
You visited 1 branch of the dungeon, and saw 1 of its levels.

You collected 15 gold pieces.

Inventory:

Hand Weapons
 a - a +0 war axe (weapon)
Armour
 b - a +0 scale mail (worn)
 c - a +0 buckler (worn)
 e - a +0 helmet (worn)
Scrolls
 g - a scroll of noise {unknown}
Potions
 d - a potion of might
 f - a potion of haste {unknown}


   Skills:
 + Level 3.3 Fighting
 + Level 1.9 Axes
 + Level 2.7 Armour
 + Level 0.3 Dodging
 * Level 2.9 Shields
 + Level 0.5 Invocations


You had one spell level left.
You didn't know any spells.
Your spell library was empty.

Dungeon Overview and Level Annotations

Branches:
Dungeon (1/15)

Altars:
Vehumet


Innate Abilities, Weirdness & Mutations

You thrive by killing the living.
You are immune to poison.
You have sharp fingernails.
Your flesh is cold resistant. (rC+)
You are immune to negative energy. (rN+++)
You do not regenerate when monsters are visible.
You are immune to unholy pain and torment.


Message History

You closely miss the giant cockroach.
The giant cockroach is heavily wounded.
You hit the goblin. The goblin hits you but does no damage.
The giant cockroach barely misses you. The goblin hits you but does no damage.
There are monsters nearby!
You closely miss the goblin.
The goblin is moderately wounded.
You slash the giant cockroach!
You kill the giant cockroach!
You block the goblin's attack.
A goblin is nearby!
You closely miss the goblin.
The goblin is moderately wounded.
The goblin barely misses you. The goblin hits you but does no damage.
A goblin is nearby!
You hit the goblin.
The goblin is heavily wounded.
The goblin hits you with a +0 club.
A goblin is nearby!
You closely miss the goblin.
The goblin is heavily wounded.
The goblin hits you but does no damage.
You hit the goblin.
You kill the goblin!
You feel better.
No target in view!
No target in view!
There is a stone staircase leading down here.
There is a faded altar of an unknown god here.
You cannot tell which god this altar belongs to.
Convert to them anyway?
Vehumet accepts your prayer! Vehumet welcomes you!
You can now gain magical power from killing.
Vehumet offers you knowledge of Foxfire.
You see here a +0 club.
You see here a ball python corpse.
There is a stone staircase leading down here.
There is a staircase leading out of the dungeon here.
Are you sure you want to leave the Dungeon?
This will make you lose the game!
You have escaped!

### #. .# .. ...# #.
.##.#.. ##..##. ......#
#......## ##......## ..
..≈≈≈≈..####..≈§≈≈..# #.$
.≈≈≈≈≈≈......≈§≈≈≈≈.###.#
.≈≈≈≈≈≈..@>..≈§§≈≈§.....#
.≈≈≈≈≈≈......≈§≈≈≈≈.....##
..≈≈≈≈....#...≈≈§§§.###.##
..........#........#......
................÷.##......
..........####..####......
####...#### #............
..... #.#####...... ###...
#.# #......


There were no monsters in sight!

Vanquished Creatures
  3 ball pythons (D:1)
  3 endoplasms (D:1)
  A giant cockroach (D:1)
  2 goblins (D:1)
9 creatures vanquished.

Notes
Turn   | Place    | Note
-------+----------+-------------------------------------------
     0 | D:1      | HallandMoats the Ghoul Fighter began the quest for the Orb.
     0 | D:1      | Reached XP level 1. HP: 19/19 MP: 0/0
    67 | D:1      | Reached XP level 2. HP: 26/26 MP: 1/1
   129 | D:1      | Found a faded altar of an unknown god.
   181 | D:1      | Prayed at the altar of an unknown god.
   181 | D:1      | Became a worshipper of Vehumet
   181 | D:1      | Reached * piety under Vehumet
   181 | D:1      | Offered knowledge of Foxfire by Vehumet.
   234 | D:$      | Safely got out of the dungeon.

Illustrated notes

Levels and vault maps discovered:
D:1:      dpeg_arrival_pits, layout_loops_ring, ebering_ecumenical_altar_mist

Action                   || total
-------------------------++-------
Melee: War axe           ||    25
Armor: Scale mail        ||    14
Dodge: Dodged            ||    15
Block: Buckler           ||     8

Table legend: (Time is in decaauts)
 A = Elapsed time spent in this place.
 B = Non-inter-level travel time spent in this place.
 C = Inter-level travel time spent in this place.
 D = Time resting spent in this place.
 E = Time spent auto-exploring this place.
 F = Levels seen in this place.
 G = Mean time per level.
                   A        B        C        D        E       F      G
               +--------+--------+--------+--------+--------+-----+--------+
         Total |    245 |    195 |     50 |      0 |    107 |   1 |  245.0 |
       Dungeon |    245 |    195 |     50 |      0 |    107 |   1 |  245.0 |
               +--------+--------+--------+--------+--------+-----+--------+

Top non-repeatable levels by time:
     D:1: 245 daAuts
